 Dungeon Crawl Stone Soup version 0.28-a0-1616-g050a50673c (webtiles) character file.

Game seed: 2334044515893264782

60981 wakim the Grappler (level 14, -8/120 (146) HPs)
             Began as a Troll Fighter on Jan 22, 2022.
             Was a Priest of Qazlal.
             Mangled by Donald (15 damage)
             ... on level 2 of the Orcish Mines.
             The game lasted 01:01:32 (14053 turns).

wakim the Grappler (Troll Fighter)                 Turns: 14053, Time: 01:01:32

HP:   -8/120 (146)  AC: 11    Str: 33    XL:     14   Next: 58%
MP:   16/20         EV: 12    Int:  4    God:    Qazlal [***...]
Gold: 541           SH: 16    Dex: 13    Spells: 13/13 levels left

rFire   . . .      SeeInvis +     - Unarmed
rCold   . . .      Faith    .   A - +1 kite shield {AC+3}
rNeg    . . .      Spirit   .   l - +1 robe of Vines {NoPotionHeal Regen++++}
rPois   .          Reflect  .   X - +2 hat {SInv}
rElec   .          Harm     .   I - +0 cloak
rCorr   .          Rampage  .   (gloves unavailable)
Will    ++...                   (boots unavailable)
Stlth   +.........              (no amulet)
HPRegen 4.30/turn               k - ring of willpower
MPRegen 0.17/turn               P - +6 ring of strength

@: heavily drained
A: large, unfitting armour, claws 3, regeneration 1, shaggy fur 1, tough skin 1
a: Renounce Religion, Upheaval, Elemental Force


You were on level 2 of the Orcish Mines.
You worshipped Qazlal.
Qazlal was most pleased with you.
You visited 3 branches of the dungeon, and saw 15 of its levels.
You also visited: Bailey.

You collected 1816 gold pieces.
You spent 1275 gold pieces at shops.

Inventory:

Missiles
 n - 14 large rocks {=f}
 p - 20 boomerangs
 F - 54 poisoned darts (quivered)
 Q - a throwing net {=f!f}
Armour
 l - the +1 robe of Vines (worn) {NoPotionHeal Regen++++}
   (You bought it in a shop on level 1 of the Orcish Mines)

   Its wearer cannot be healed by potions.
   Regen:     It increases your rate of health regeneration.
 m - +0 acid dragon scales
 w - a +0 robe of resistance
 A - a +1 kite shield of protection (worn)
 I - a +0 cloak (worn)
 W - +0 swamp dragon scales
 X - a +2 hat of see invisible (worn)
Jewellery
 k - a ring of willpower (left claw)
 y - a ring of fire
 D - a ring of flight
 P - a +6 ring of strength (right claw)
 Z - a ring of ice
Wands
 t - a wand of digging (3)
 u - a wand of mindburst (11)
 v - a wand of flame (6)
 x - a wand of iceblast (3)
 z - a wand of polymorph (6)
Scrolls
 J - 4 scrolls of enchant armour
 R - a scroll of magic mapping {!r}
 T - 7 scrolls of teleportation
 U - a scroll of fear
 Y - 4 scrolls of blinking {!r}
Potions
 o - a potion of ambrosia {unknown}
 q - 3 potions of invisibility {unknown}
 s - a potion of cancellation {unknown}
 B - 4 potions of attraction {!q}
 C - 2 potions of berserk rage {unknown}
 E - 2 potions of brilliance {unknown}
 G - 2 potions of flight
 H - 8 potions of haste
 K - 2 potions of magic
 L - 4 potions of lignification {!q}
 M - 3 potions of mutation {!q}
 N - 6 potions of might
 O - a potion of resistance
 S - 2 potions of curing {unknown}
 V - 2 potions of heal wounds {unknown}


   Skills:
 + Level 11.2 Fighting
 * Level 2.2 Throwing
 - Level 8.1 Dodging
 - Level 9.0 Shields
 * Level 13.2 Unarmed Combat
 + Level 10.3 Invocations


You had 13 spell levels left.
You didn't know any spells.
Your spell library contained the following spells:

 Spells                   Type           Power      Damage    Failure   Level
 Apportation              Tloc           0%         N/A       73%         1
 Magic Dart               Conj           0%         1d3       73%         1
 Sandblast                Erth           0%         2d4       73%         1
 Shock                    Conj/Air       0%         1d3       73%         1
 Blink                    Tloc           0%         N/A       86%         2
 Passwall                 Tmut/Erth      0%         N/A       86%         2
 Searing Ray              Conj           0%         2d4       86%         2
 Gell's Gravitas          Tloc           0%         N/A       97%         3
 Lesser Beckoning         Tloc           0%         N/A       97%         3
 Stone Arrow              Conj/Erth      0%         3d7       97%         3
 Swiftness                Air            0%         N/A       97%         3
 Teleport Other           Tloc           0%         N/A       97%         3
 Airstrike                Air            0%         N/A       100%        4
 Animate Armour           Summ/Erth      0%         N/A       100%        4
 Fulminant Prism          Conj/Hex       0%         3d6       100%        4
 Alistair's Intoxication  Tmut/Pois      0%         N/A       100%        5
 Manifold Assault         Tloc           0%         N/A       100%        5
 Dispersal                Tloc           0%         N/A       100%        6
 Lehudib's Crystal Spear  Conj/Erth      0%         10d2      100%        8


Dungeon Overview and Level Annotations

Branches:
Dungeon (12/15)            Temple (1/1) D:7            Lair (0/6) D:11
    Orc (2/2) D:11            Elf (0/3) Orc:2        Bailey (visited)

Altars:
Ashenzari
Cheibriados
Dithmenos
Elyvilon
Fedhas
Hepliaklqana
Kikubaaqudgha
Makhleb
Nemelex Xobeh
Okawaru
Qazlal
Ru
Sif Muna
Trog
Uskayaw
Vehumet
Wu Jian
Xom
Yredelemnul
Zin
The Shining One
Beogh

Shops:
D:10 [   Orc:1 *=:(   Orc:2 (?

Portals:
Trove: D:12 (give +3 storm dragon scales)

Annotations:
D:3 dig
D:8 1 runed translucent door, benappo's ghost, novice DjCj
D:12 1 runed translucent door, Tenar's ghost, journeyman GrEE
Orc:2 Donald


Innate Abilities, Weirdness & Mutations

You are too large for most types of armour.
You have claws for hands.
Your natural rate of healing is unusually fast.
You are covered in fur. (AC +1)
You have tough skin. (AC +1)


Message History

You barely miss the warg.
The warg is almost dead.
You block the warg's attack.
Your water elemental hits the warg!!
The warg dies!
Qazlal accepts your kill.
The orc hits your fire elemental with a +0 club.
Your fire elemental closely misses the orc.
The orc misses your fire elemental.
The orc warrior barely misses your water elemental.
The orc priest mumbles some strange prayers to Beogh against you.
Beogh smites you!
Your fire elemental barely misses the orc.
Donald hits you from afar with a +1 demon trident of draining!!
You feel drained.
The orc sorcerer mumbles some strange words.
Send 'em back where they came from!
Your fire elemental disappears in a puff of smoke!
Your water elemental disappears in a puff of smoke!
The orc warrior throws a boomerang.
The boomerang hits you.
Donald says, "These orcs are so stupid, they must've eaten the rune."
Donald gestures wildly while chanting.
Donald seems to grow stronger.
The orc priest mumbles some strange prayers to Beogh against you.
Beogh smites you!
Donald says, "I hate storms."
Donald hits you but does no damage.
You feel drained.
Donald hits you from afar with a +1 demon trident of draining!!!
* * * LOW HITPOINT WARNING * * *
You feel drained.
* * * LOW HITPOINT WARNING * * *
You hear a shout!
You hear a shout!
The orc sorcerer no longer looks unusually strong.
You block Donald's attack.
The orc knight roars a battlecry!
The orc sorcerer goes into a battle-frenzy!
Donald hits you from afar with a +1 demon trident of draining!!!
* * * LOW HITPOINT WARNING * * *
You feel drained.
You die...

...........#...#
##.............##
...###...............##
.....#..#.............#####
..........................#
...........##......#####..#
......o...##...#..##...##.#
@..<..o....#..#...#.....#.##
..........#...##@§#..8..#..#
.# #..o...#.##.§.#.....#.##
.# #.o....#.#.@○.##...##.# h#
#........#ooo..#)###..# o#
#.......o.o.o....)....# .#
#..#....o............##
.####..#...........#.....##
...o.h##...........###....##
..3#######.................##


You could see Donald (fast, strong), an orc knight, an orc sorcerer (strong), an
orc warrior (strong), an orc priest (strong), an orc wizard (strong) and an orc
(strong).

Vanquished Creatures
  Gastronok (D:12)
  2 sphinxes (D:12)
  2 orc warlords
  3 boulder beetles
  A hydra (D:12)
  Erolcha (D:12)
  A vault guard (D:12)
  4 death knights (D:12)
  6 two-headed ogres
  A tengu warrior (D:12)
  A deep troll earth mage (D:12)
  2 skeletal warriors (D:12)
  2 orc sorcerers (Orc:2)
  A deep elf pyromancer (D:12)
  2 ugly things (D:12)
  4 cyclopes (D:12)
  3 manticores (D:12)
  A centaur zombie (D:11)
  A gargoyle (D:12)
  Joseph (D:8)
  An unseen horror (D:12)
  A kobold demonologist (D:12)
  A yaktaur (D:12)
  2 ice devils (D:12)
  10 trolls
  A hornet (D:8)
  4 slime creatures (D:12)
  A meliai zombie (D:10)
  3 vampires
  20 yaks
  2 shadows (D:10)
  A fire bat (D:6)
  A wyvern (D:10)
  4 wraiths
  A basilisk (D:12)
  6 vampire mosquitoes
  4 wargs
  2 acid dragons (D:12)
  6 water moccasins
  25 orc warriors
  2 sky beasts
  A hornet zombie (D:9)
  An ice beast (D:6)
  A black bear (D:6)
  3 necrophages
  3 ogres
  5 centaurs
  2 phantoms (D:5)
  3 kobold brigands
  4 gnoll sergeants
  A scorpion (D:6)
  A water moccasin skeleton (D:4)
  3 killer bees (D:8)
  A howler monkey (D:9)
  8 wights
  An electric eel (D:10)
  2 jellies
  15 orc priests
  6 gnoll shamans
  6 hounds
  Terence (D:2)
  3 iguanas (D:6)
  21 orc wizards
  A killer bee zombie (D:5)
  2 hound skeletons (D:4)
  2 howler monkey zombies
  29 gnolls
  6 adders
  5 white imps
  An ufetubus (D:5)
  5 worms
  4 dart slugs
  60 orcs
  7 ball pythons
  8 bats
  5 endoplasms
  2 giant cockroaches
  9 goblins
  12 hobgoblins
  6 jackals
  4 quokkas
  5 frilled lizards
  27 kobolds
  3 rats
433 creatures vanquished.

Vanquished Creatures (collateral kills)
  A warg (Orc:2)
  2 orcs (D:3)
  A bat (D:3)
4 creatures vanquished.

Vanquished Creatures (others)
  A killer bee (D:10)
  3 plants
4 creatures vanquished.

Grand Total: 441 creatures vanquished

Notes
Turn   | Place    | Note
-------+----------+-------------------------------------------
     0 | D:1      | wakim the Troll Fighter began the quest for the Orb.
     0 | D:1      | Reached XP level 1. HP: 22/22 MP: 0/0
   361 | D:1      | Reached XP level 2. HP: 29/29 MP: 1/1
  1010 | D:2      | Reached XP level 3. HP: 28/36 MP: 2/2
  1074 | D:2      | Found a faded altar of an unknown god.
  1074 | D:2      | Identified the +1 mace of Ostrukipp {flame, Will+}
  1076 | D:2      | !bestwep
  1316 | D:2      | Reached skill level 3 in Unarmed Combat
  1347 | D:2      | Noticed Terence
  1352 | D:2      | Killed Terence
  1353 | D:2      | Reached XP level 4. HP: 36/44 MP: 3/3
  1466 | D:2      | bestweo
  1466 | D:2      | !bestwep
  1673 | D:3      | You fall into a shaft and drop 1 floor!
  1960 | D:3      | Found a snail-covered altar of Cheibriados.
  1961 | D:3      | Found a basalt altar of Yredelemnul.
  1963 | D:3      | Found a shimmering altar of Xom.
  1963 | D:3      | Found an ancient bone altar of Kikubaaqudgha.
  1995 | D:3      | Reached XP level 5. HP: 50/53 MP: 4/4
  2161 | D:3      | !bestwep
  2579 | D:4      | Found a sacrificial altar of Ru.
  3015 | D:4      | Found a shimmering blue altar of Sif Muna.
  3040 | D:4      | Reached skill level 4 in Unarmed Combat
  3050 | D:4      | Found a hazy altar of Hepliaklqana.
  3162 | D:5      | Entered Level 5 of the Dungeon
  3198 | D:5      | Noticed a phantom
  3209 | D:5      | Noticed a sky beast
  3227 | D:4      | Killed a sky beast
  3228 | D:4      | Reached XP level 6. HP: 52/61 MP: 5/5
  3460 | D:5      | Noticed a sky beast
  3465 | D:5      | Killed a sky beast
  3466 | D:5      | Reached skill level 5 in Unarmed Combat
  3466 | D:5      | Reached XP level 7. HP: 60/68 MP: 6/6
  3487 | D:5      | Reached skill level 5 in Shields
  3639 | D:5      | Identified the +6 whip of Ashenzari's Grace {venom, *Rage
                  | rCorr Dex+4}
  3641 | D:5      | !bestwep
  3692 | D:5      | Reached skill level 6 in Unarmed Combat
  3776 | D:5      | Reached XP level 8. HP: 77/78 MP: 7/7
  4249 | D:6      | Noticed Maggie
  4250 | D:6      | Noticed Maggie
  4250 | D:6      | Maggie changed into Maggie the fire bat
  4257 | D:6      | Killed Maggie the fire bat
  4258 | D:6      | Reached skill level 7 in Unarmed Combat
  4262 | D:6      | !bestwep
  4514 | D:6      | Found a radiant altar of Vehumet.
  4948 | D:7      | Noticed a two-headed ogre
  4969 | D:6      | Reached skill level 5 in Fighting
  4969 | D:6      | Reached XP level 9. HP: 83/88 MP: 8/8
  5224 | D:7      | Reached skill level 8 in Unarmed Combat
  5493 | D:7      | Found a staircase to the Ecumenical Temple.
  5502 | Temple   | Entered the Ecumenical Temple
  5551 | Temple   | Became a worshipper of Qazlal Stormbringer
  5783 | D:7      | Killed a two-headed ogre
  5784 | D:7      | Reached skill level 1 in Invocations
  6049 | D:8      | Reached skill level 9 in Unarmed Combat
  6141 | D:8      | Noticed Joseph
  6158 | D:8      | Killed Joseph
  6232 | D:8      | Reached XP level 10. HP: 90/98 MP: 10/10
  6733 | D:8      | Found a runed translucent door.
  6834 | D:8      | Noticed benappo's ghost (novice DjCj)
  6875 | D:9      | Reached * piety under Qazlal
  6880 | D:9      | Identified the +1 plate armour "Ammuh" {rN+ Str+2}
  7120 | D:9      | Noticed a two-headed ogre
  7135 | D:9      | Killed a two-headed ogre
  7212 | D:9      | Found an iron altar of Okawaru.
  7462 | D:9      | Reached skill level 10 in Unarmed Combat
  7507 | D:9      | Reached ** piety under Qazlal
  7724 | D:10     | Entered Level 10 of the Dungeon
  7724 | D:10     | Found Pugacwoxt's Antique Armour Shop.
  7728 | D:10     | Bought a runed kite shield for 180 gold pieces
  7884 | D:10     | Found a flagged portal.
  7935 | Bailey   | Entered a bailey
  7940 | Bailey   | Noticed an orc warlord
  7968 | Bailey   | Reached XP level 11. HP: 104/109 MP: 12/12
  8023 | Bailey   | Found a runed translucent gate.
  8099 | Bailey   | Found a runed translucent gate.
  8101 | Bailey   | Found a runed translucent gate.
  8122 | Bailey   | Killed an orc warlord
  8138 | Bailey   | Identified the +5 mace of Poverty {elec, Str+4}
  8153 | Bailey   | !bestwep
  8153 | Bailey   | Reached XP level 12. HP: 123/123 MP: 5/16
  8154 | Bailey   | Reached XP level 13. HP: 131/131 MP: 5/18
  8932 | D:3      | Reached *** piety under Qazlal
  9274 | D:11     | Found a staircase to the Orcish Mines.
  9281 | D:11     | Reached skill level 11 in Unarmed Combat
  9328 | D:11     | Found a staircase to the Lair.
 10037 | D:12     | Noticed Erolcha
 10110 | D:12     | Found a runed translucent door.
 10112 | D:12     | Noticed Tenar's ghost (journeyman GrEE)
 10231 | D:12     | Reached skill level 10 in Fighting
 10488 | D:12     | Killed Erolcha
 10682 | D:12     | Found a portal to a secret trove of treasure.
 10913 | D:12     | Noticed Gastronok
 10942 | D:12     | Killed Gastronok
 10979 | D:12     | Reached **** piety under Qazlal
 11157 | D:12     | Reached skill level 12 in Unarmed Combat
 11538 | D:12     | Reached XP level 14. HP: 144/144 MP: 5/20
 11649 | D:12     | !bestwep
 11711 | D:12     | Identified the +11 dagger of Hosics Suena {pain, Dex+4}
 11713 | D:12     | !bestwep
 11909 | D:12     | Reached skill level 10 in Invocations
 12006 | D:12     | Noticed a sphinx
 12012 | D:12     | Noticed a sphinx
 12015 | D:12     | Killed a sphinx
 12015 | D:12     | Noticed a vampire knight
 12025 | D:12     | Killed a sphinx
 12030 | D:12     | Paralysed by a vampire knight for 7 turns
 12163 | Orc:1    | Entered Level 1 of the Orcish Mines
 12435 | Orc:1    | Reached skill level 13 in Unarmed Combat
 12456 | Orc:1    | Found Gixutupp's Jewellery Emporium.
 12461 | Orc:1    | Found Loveb's Book Boutique.
 12529 | Orc:1    | Found Zarostoe's Antique Weapon Shoppe.
 12630 | Orc:1    | Found Kicrid's General Store.
 12640 | Orc:1    | Bought the +1 robe of Vines {NoPotionHeal Regen++++} for
                  | 1040 gold pieces
 12640 | Orc:1    | Found the +1 robe of Vines {NoPotionHeal Regen++++}
 13075 | Orc:2    | Entered Level 2 of the Orcish Mines
 13154 | Orc:2    | Noticed an orc warlord
 13172 | Orc:2    | Reached skill level 1 in Throwing
 13239 | Orc:1    | Killed an orc warlord
 13409 | Orc:2    | Found Yrcheipp's Weapon Shop.
 13477 | Orc:2    | Found a staircase to the Elven Halls.
 13501 | Orc:2    | Found Uptejy's Magic Scroll Emporium.
 13568 | Orc:2    | Bought a scroll of identify for 20 gold pieces
 13568 | Orc:2    | Bought a scroll of fear for 35 gold pieces
 14021 | Orc:2    | Noticed Donald
 14053 | Orc:2    | Mangled by Donald

Illustrated notes # #.#...+ # #.#.#.# #.#.#.# ########.#.#.# .........)...## ....###..†....####+##### ........................ ###.###..........## ..........##@# ###.......##.# #.......##.# ##.#.#####.# #!#.. ... .... ... # ### ##. _# Turn 1076 on D:2: !bestwep #..#...#†.## ###+####....#.)....# .......#.## #.....#.....#.#.##.# ##.#.#.### #.....#....##.#.##.# #.#.#.# +.....'...###......# #.#.#.# #..)..#..## #.#.##.# #.#.#.# #.....#.## #.#.##.# #.#.#.# ###'##### #......# #.#...+ ##.....# +.#.#### #.#.#.# #...@.## #.#.# #.#.#.# #.....## #.#.# ##.#.#.# #.....## #.#.# ...)...###.....# #...# #..†....####+#######+#####(..# .......................†.)...# #..........####..####.##.##.## ........##.# #..## ##.#.#.## #.......##.# ##...#####...## Turn 1466 on D:2: bestweo

#####...<(..# #..# #....≈≈
,,,########## ##.## #.##...
.,,#.....# #..# #.##_.#
...#.....# ##.# #####'#####
...#.....# #.# #..........
...#.....# #######+###..........
...#.....# #....................
...#.....# #....................
..,#.....# #...@......####....#.
.,,#.....# #..........+....##.#.
,,,#.^...# #..†.......####.##.#,
######'### ###........+.......#.
..## #.########........####.####.
...# #...##.....#####..####.#....
...# #.####.##### #...........##
...###.## #.#*######(..##........
...'....###.##.$...#.....)...#..#


Turn 2161 on D:3: !bestwep ..........#..##.#..#.# ......###.....#.#....# #####.#
#....... ...# ##.###........ ?.. ... ##............ ... .... ##.............##.#
..... ##...##...#...#....### ... #..<##.#.###.........#######..
#..##.#.##)##...@.##.#......# .>##.#.##.#.##...........#..#
.##.#.##.#.#.##.....##.....## ##.#.##.#.#.#.##..#.#..#....##
#.#.##.#.###.#.##.....##.....#### .#.##.#.##.##.#.##...##..##.)...(
#.##.#.##.#.##.#.##.....#####.... .##.#.##.#.#†##.#.##...# #....
##.#.##.#...#.##.#.##..# #.... Turn 3641 on D:5: !bestwep #.## ##.## #.# #.# #.#
#####†#### #'## #........# ...## #.#......# ...[## #.#.##.# .....## #.#.##.#
>.....# ....##.# ......+ ......#@# ......# #......#.# .....## #.#.##.#.# ....##
#... ..# ...## ### #'## #.# #.# #.## Turn 4262 on D:6: !bestwep
..........#≈≈≈≈)#..........# ..........).....'....8..8..#≈≈♣
...8......#########........#≈≈♣ #......####≈≈≈#≈≈≈##......##≈≈♣
##.....#≈≈#≈.....)≈#.....##...♣ ##....#≈......°..≈#..)†##....♣
#...##≈8.8...8.8##....#.....♣♣ #...')≈.........#.....'......♣
#...'≈≈....∩..@.#.....'...∩.∩♣ #...'≈).........#.....'......♣
#...##≈8.8...8.8##....#.....♣♣ ##....#≈.........≈#....##....♣
##.....#≈≈#≈......≈#.....##...♣ #......####≈≈≈#≈≈≈##......##≈≈♣
...8......#########........#≈≈♣ ..........'...†)'....8..8..#≈≈♣
..........#≈≈≈≈)#.....)....# Turn 8153 on Bailey: !bestwep ##########
#@.......## ### #.########.### #########.# #.# ##..## ..........# #.# ###.##
#########.##.# ##.## # ####.#.# ##†## # #....#. ##.## ######.#..# #...
.......#..# #### Turn 11649 on D:12: !bestwep ...#..#.# ##.# .#.#..#.# ##.
.#.####.# ## .#....#.## # .#.##.##.## # .#..>..##.## # ........##)## #
.#..#.#.###.########.# ## .#..#.#.# ##....@...#### ##. .)....#.# ###########..##
##.# ....###.###......(...##.######.## ..#.# #.##....##########....†.##.
#...###.#......#.......########.. ##..##..#......#.##.#............
.##..#.###....##.##.#............ .##.)..####..##..##.##########...
.##)##...##''#.........)......... Turn 11713 on D:12: !bestwep

Levels and vault maps discovered:
D:1:      denvon_arrival_planthouse, layout_loops_cross, minmay_misc_feat_iff,
          minmay_misc_feat_rows, chequers_serial_rivers_small_a, minmay_bisected
D:2:      layout_loops_ring, basic_ecumenical_altar,
          chequers_serial_rivers_room_a, minmay_quadrilaterals, uniq_terence
D:3:      layout_basic, mainiacjoe_overflow_alcove_3, grunt_ministairs_3,
          lightli_corner_chamber
D:4:      layout_loops_corners, jmf_multi_god_temple,
          nicolae_ru_sacrificial_ziggurat
D:5:      minmay_inner_zag, layout_rooms, palyth_stone_intersect,
          minmay_misc_feat_columns, minmay_misc_feat_hallway
D:6:      layout_loops_corners, vehumet_altar_wand_db, uniq_maggie
D:7:      layout_gridville, minmay_temple_entry_nine_rooms
D:8:      layout_loops_ring, ebering_ghost_reflecting_pool, uniq_joseph
D:9:      kennysheep_housing_project, layout_rooms, lemuel_crystal_altar
D:10:     layout_basic, enter_bailey_8, serial_shops, shop,
          kennysheep_generic_room_5
D:11:     layout_long_grid, erik_lair_orcish_takeover, orc_0_dummy
D:12:     kennysheep_snake, layout_basic, ebering_ghost_reflecting_pool,
          enter_trove_5, portal_ice_cave_demonic_guard, uniq_erolcha,
          uniq_gastronok
Temple:   dshaligram_water_room_temple
Orc:1:    layout_diamond_mine, serial_shops, nicolae_shop_stone,
          nicolae_shop_crystal, shop, nicolae_shop_trees
Orc:2:    grunt_orc_community_town_hall, layout_diamond_mine,
          grunt_orc_community_big_house_1, grunt_orc_community_big_house_2,
          grunt_orc_community_house_2, grunt_orc_community_house_1,
          grunt_orc_community_house_2, grunt_orc_community_house_3,
          grunt_orc_community_house_1, grunt_orc_community_house_3, uniq_donald

Skill      XL: |  1  2  3  4  5  6  7  8  9 10 11 12 13 14 |
---------------+-------------------------------------------+-----
Shields        | 3 4 5 6 7 8 9 |  9.0
Unarmed Combat | 3 4 5 6 7 9 10 12 13 | 13.2
Fighting       | 3 4 5 6 7 9 10 11 | 11.2
Invocations    | 2 3 7 8 9 10 | 10.3
Dodging        | 3 4 6 7 8 |  8.1
Throwing       | 2 |  2.2

Action                   |  1- 3 |  4- 6 |  7- 9 | 10-12 | 13-15 || total
-------------------------+-------+-------+-------+-------+-------++-------
Melee: Unarmed           |    90 |   158 |   248 |   269 |   651 ||  1416
       Punch             |     2 |     6 |     1 |       |       ||     9
Throw: Dart              |       |     3 |    26 |     2 |    18 ||    49
Invok: Upheaval          |       |       |       |     4 |    12 ||    16
       Elemental Force   |       |       |       |       |     1 ||     1
Evoke: Wand              |       |       |     7 |     4 |     3 ||    14
  Use: Scroll            |       |     3 |    14 |     1 |     3 ||    21
       Potion            |       |       |       |     2 |       ||     2
 Stab: Sleeping          |     2 |     1 |       |       |       ||     3
Armor: Robe              |    23 |    56 |    18 |       |    29 ||   126
       Swamp dragon scal |       |       |    40 |    61 |       ||   101
       Troll leather arm |       |       |       |    11 |    89 ||   100
Dodge: Dodged            |    27 |    88 |    86 |    60 |   174 ||   435
Block: Kite shield       |     5 |       |    98 |   153 |   473 ||   729

Table legend: (Time is in decaauts)
 A = Elapsed time spent in this place.
 B = Non-inter-level travel time spent in this place.
 C = Inter-level travel time spent in this place.
 D = Time resting spent in this place.
 E = Time spent auto-exploring this place.
 F = Levels seen in this place.
 G = Mean time per level.
                   A        B        C        D        E       F      G
               +--------+--------+--------+--------+--------+-----+--------+
         Total |  13972 |  12047 |   1925 |    398 |   5985 |  16 |  873.2 |
       Dungeon |  12355 |  10513 |   1842 |    398 |   5167 |  12 | 1029.6 |
        Temple |     58 |     50 |      8 |      0 |     35 |   1 |   58.0 |
  Orcish Mines |   1337 |   1262 |     75 |      0 |    783 |   2 |  668.5 |
        Bailey |    220 |    220 |      0 |      0 |      0 |   1 |  220.0 |
               +--------+--------+--------+--------+--------+-----+--------+

Top non-repeatable levels by time:
    D:12: 2283 daAuts
     D:6: 1429 daAuts
     D:4: 989 daAuts
     D:9: 953 daAuts
    D:11: 917 daAuts
     D:2: 901 daAuts
     D:3: 895 daAuts
    D:10: 883 daAuts
     D:8: 845 daAuts
     D:7: 836 daAuts
     D:1: 715 daAuts
   Orc:1: 711 daAuts
     D:5: 704 daAuts
   Orc:2: 626 daAuts
  Bailey: 220 daAuts
